 Dungeon Crawl Stone Soup version 0.29-a0-613-gf2c431b9b9 (webtiles) character file.

Game seed: 389014752769645155

3 zeratav the Stinger (level 1, 0/11 HPs)
             Began as an Octopode Venom Mage on June 17, 2022.
             Constricted to death by a ball python (1 damage)
             ... on level 1 of the Dungeon.
             The game lasted 00:00:23 (106 turns).

zeratav the Stinger (Octopode Venom Mage)            Turns: 106, Time: 00:00:24

Health: 0/11       AC:  1    Str:  7    XL:     1   Next: 50%
Magic:  1/3        EV: 10    Int: 17    God:
Gold:   0          SH:  0    Dex: 12    Spells: 3/4 levels left

rFire   . . .      SeeInvis .   (no weapon)
rCold   . . .      Faith    .   (no shield)
rNeg    . . .      Spirit   .   (helmet restricted)
rPois   .          Reflect  .   (no amulet)
rElec   .          Harm     .   (no ring)
rCorr   .          Rampage  .   (no ring)
Will    .....                   (no ring)
Stlth   +++.......              (no ring)
HPRegen 0.03/turn               (no ring)
MPRegen 0.08/turn               (no ring)
                                (no ring)
                                (no ring)

@: constricted
A: almost no armour, amphibious, 8 rings, camouflage 1, gelatinous body 1,
(nimble swimmer 1), tentacles
a: no special abilities


You were on level 1 of the Dungeon.
You visited 1 branch of the dungeon, and saw 1 of its levels.


Innate Abilities, Weirdness & Mutations

You cannot wear most types of armour.
You are amphibious.
You can wear up to eight rings at the same time.
Your skin changes colour to match your surroundings (Stealth+).
Your rubbery body absorbs attacks. (AC +1, EV +1)
((You are camouflaged when in or above water. (Stealth+)))
You have tentacles for arms and can constrict up to eight enemies at once.


   Skills:
 - Level 2.0 Dodging
 * Level 2.9 Stealth
 + Level 2.0 Spellcasting
 - Level 1.0 Transmutations
 * Level 3.7 Poison Magic


You had 3 spell levels left.
You knew the following spells:

 Your Spells              Type           Power      Damage    Failure   Level
a - Sting                 Tmut/Pois      36%        1d4       8%          1

Your spell library contained the following spells:

 Spells                   Type           Power      Damage    Failure   Level
 Poisonous Vapours        Pois/Air       16%        N/A       14%         2
 Mephitic Cloud           Conj/Pois/Air  6%         N/A       34%         3
 Olgreb's Toxic Radiance  Pois           14%        N/A       38%         4

Inventory:

Potions
 a - a potion of magic

Dungeon Overview and Level Annotations

Branches:
Dungeon (1/15) Zot: 5893

Altars:

..#_#8#.#.#
#∩#...##.#
####..⌠.##.#
#.#8.⌠.g#.>#
#.##...#...#
######.#S###.#>.#
........[###..#.#
####.#)#.##...#g#
..........S@#
#w#.#.##...###
#.S.......## .
..####### . #..
## ..#


You could see a hobgoblin and a ball python.


Message History

🤖 Initializing magus.rc ...
Bad channel name for runrest: 'pray:' ✅ Successfully initialized magus.rc [v1.9.6] Welcome, zeratav the Octopode Venom Mage.
The heart of this dungeon contains the terrific artefact, the Orb of Zot.
Press ? for a list of commands and other information.
Found 20 stones and a leather armour.
Found a staircase leading out of the dungeon.
A bat comes into view.
A bat is nearby!
You can't see any susceptible monsters within range! (Use Z to cast anyway.)
The bat hits you.
HP[-1]
You take 1 damage, and now have 10/11 hp.
The sting misses the bat.
The bat misses you.
MP[-1]
You lost 1 mp, and now have 2/3 mp.
The sting hits the bat.
The bat is poisoned.
The bat closely misses you.
MP[-1]
You lost 1 mp, and now have 1/3 mp.
The sting hits the bat.
The bat looks even sicker.
You kill the bat!
MP[-1]
You lost 1 mp, and now have 0/3 mp.
You are out of magic!
You are out of magic!
Found a faded altar of an unknown god.
HP[+1] MP[+3]
Your hp is fully restored (11).
Your mp is fully restored (3).
Found a stone staircase leading down.
A giant cockroach comes into view.
A giant cockroach is nearby!
A goblin comes into view. It is wielding a +0 club.
There is a dry fountain here.
The sting hits the giant cockroach.
The giant cockroach is poisoned.
The giant cockroach closely misses you.
MP[-1]
You lost 1 mp, and now have 2/3 mp.
The sting hits the giant cockroach but does no damage.
The giant cockroach looks even sicker.
You kill the giant cockroach!
MP[-1]
You lost 1 mp, and now have 1/3 mp.
You can't see any susceptible monsters within range! (Use Z to cast anyway.)
A goblin is nearby!
There is a dry fountain here.
The goblin shouts!
You hear an angry hiss.
A hobgoblin comes into view.
The hobgoblin shouts!
A ball python comes into view.
The goblin hits you with a +0 club.
HP[-3]
You take 3 damage, and now have 8/11 hp.
MASSIVE DAMAGE!! (PAUSE)
You are too injured to fight recklessly!
You are too injured to fight recklessly!
Casting: Sting (safe; 8% risk of failure)
Confirm with . or Enter, or press ? or * to list all spells.
Aiming: Sting (safe; 8% risk of failure)
Press: ? - help, Shift-Dir - straight line, f - goblin
Aim: a goblin, wielding a +0 club (60% to hit)
The sting hits the goblin.
The goblin is poisoned.
You kill the goblin!
A dart slug comes into view.
MP[-1]
You lost 1 mp, and now have 0/3 mp.
There are monsters nearby!
An endoplasm comes into view.
MP[+1]
Found a stone staircase leading down.
There is a stone staircase leading down here.
HP[+1]
You closely miss the hobgoblin. You grab the hobgoblin.
Your squeeze misses the hobgoblin.
You constrict the hobgoblin, but do no damage.
The hobgoblin hits you. The ball python bites you.
* * * LOW HITPOINT WARNING * * *
The ball python misses you.
HP[-5]
You take 5 damage, and now have 4/11 hp.
MASSIVE DAMAGE!! (PAUSE)
You tentacle-slap the hobgoblin. You constrict the hobgoblin.
The ball python barely misses you. The ball python grabs you.
The ball python constricts you.
* * * LOW HITPOINT WARNING * * *
The hobgoblin hits you.
* * * LOW HITPOINT WARNING * * *
HP[-3]
You take 3 damage, and now have 1/11 hp.
MASSIVE DAMAGE!! (PAUSE)
You tentacle-slap the hobgoblin but do no damage.
You constrict the hobgoblin. The ball python barely misses you.
The ball python constricts you.
You die...

Action                   || total
-------------------------++-------
Melee: Unarmed           ||     3
       Constrict         ||     1
 Cast: Sting             ||     6
Dodge: Dodged            ||     6

Levels and vault maps discovered:
D:1:      enne_arrival_octagon_isle, layout_loops_ring,
          shapermc_ecumenical_altar_venn, kennysheep_decorative_pillar,
          minmay_heptomino_w4

Notes
Turn   | Place    | Note
-------+----------+-------------------------------------------
     0 | D:1      | zeratav the Octopode Venom Mage began the quest for the
                  | Orb.
     0 | D:1      | Reached XP level 1. HP: 11/11 MP: 3/3
     0 | D:1      | magus.rc [v1.9.6]
    82 | D:1      | Found a faded altar of an unknown god.
   105 | D:1      | HP: 1/11 [hobgoblin (2)]
   106 | D:1      | Constricted to death by a ball python

Vanquished Creatures
  A giant cockroach (D:1)
  A goblin (D:1)
  A bat (D:1)
3 creatures vanquished.

Table legend:
 A = Non-vault XP
 B = Vault XP
 C = Vault XP percentage of total XP
 D = Non-vault monster count
 E = Vault monster count
 F = Vault count percentage of total count
                 A         B        C        D         E       F
            +---------+---------+-------+---------+---------+-------
      Total |       5 |       0 |   0.0 |       3 |       0 |   0.0
            +---------+---------+-------+---------+---------+-------
        D:1 |       5 |       0 |   0.0 |       3 |       0 |   0.0
            +---------+---------+-------+---------+---------+-------

Illustrated notes

Table legend:
 A = Kills in this place as a percentage of kills in entire the game.
 B = Kills by you in this place as a percentage of kills by you in the entire game.
 C = Kills by friends in this place as a percentage of kills by friends in the entire game.
 D = Other kills in this place as a percentage of other kills in the entire game.
 E = Experience gained in this place as a percentage of experience gained in the entire game.
 F = Experience gained in this place divided by the number of levels of this place that you have seen.
                   A       B       C       D       E      F
               +-------+-------+-------+-------+-------+----------------------
         Total | 100.0 | 100.0 |   N/A |   N/A | 100.0 |   5.0
       Dungeon | 100.0 | 100.0 |   N/A |   N/A | 100.0 |   5.0
               +-------+-------+-------+-------+-------+----------------------

Table legend: (Time is in decaauts)
 A = Elapsed time spent in this place.
 B = Non-inter-level travel time spent in this place.
 C = Inter-level travel time spent in this place.
 D = Time resting spent in this place.
 E = Time spent auto-exploring this place.
 F = Levels seen in this place.
 G = Mean time per level.
                   A        B        C        D        E       F      G
               +--------+--------+--------+--------+--------+-----+--------+
         Total |    106 |    106 |      0 |      0 |     74 |   1 |  106.0 |
       Dungeon |    106 |    106 |      0 |      0 |     74 |   1 |  106.0 |
               +--------+--------+--------+--------+--------+-----+--------+

Top non-repeatable levels by time:
     D:1: 106 daAuts
